3025 views
Uploaded 2020-02-09 14:59:01
Game version 1.32 / 1.32.1
10:50 long 3on3 ladder game on (6)BloodstoneMesa_LV
Saved by iggythefisk
3025 views
Uploaded 2020-02-09 14:59:01
Game version 1.32 / 1.32.1
10:50 long 3on3 ladder game on (6)BloodstoneMesa_LV


60 units @ 4.9k
/ 0.2k
84 buildings @ 6.5k
/ 3.2k


| Scroll of Regeneration | 2 | 200 |
| total: | 2 | 200g |
| Peasant | 20 | 1500 | / | 0 |
| total: | 20 | 1500g | / | 0w |
| Scout Tower | 25 | 750 | / | 500 |
| Arcane Tower | 2 | 140 | / | 100 |
| Guard Tower | 14 | 980 | / | 700 |
| Altar of Kings | 1 | 180 | / | 50 |
| Farm | 5 | 400 | / | 100 |
| Lumber Mill | 1 | 120 | / | 0 |
| Arcane Vault | 1 | 130 | / | 30 |
| Keep | 1 | 320 | / | 210 |
| total: | 33 | 1580g | / | 680w |
| 0:00 | Peasant |
| 0:04 | Altar of Kings |
| 0:04 | Peasant |
| 0:16 | Farm |
| 0:18 | Peasant |
| 0:30 | Peasant |
| 0:45 | Peasant |
| 0:54 | Lumber Mill |
| 0:55 | Peasant |
| 0:59 | Farm |
| 1:23 | Peasant |
| 1:33 | Peasant |
| 1:45 | Scout Tower |
| 1:49 | Scout Tower |
| 1:52 | Peasant |
| 2:06 | Blizzard |
| 2:08 | Peasant |
| 2:11 | Arcane Tower |
| 2:12 | Scout Tower |
| 2:14 | Peasant |
| 2:18 | Guard Tower |
| 2:49 | Peasant |
| 2:49 | Peasant |
| 3:19 | Guard Tower |
| 3:19 | Peasant |
| 3:24 | Improved Masonry |
| 3:27 | Peasant |
| 3:31 | Scout Tower |
| 3:33 | Scout Tower |
| 3:38 | Farm |
| 3:42 | Farm |
| 3:44 | Scout Tower |
| 3:59 | Arcane Vault |
| 4:07 | Guard Tower |
| 4:12 | Guard Tower |
| 4:42 | Brilliance Aura |
| 5:15 | Peasant |
| 5:16 | Peasant |
| 6:05 | Scroll of Regeneration |
| 6:09 | Scout Tower |
| 6:09 | Scout Tower |
| 6:10 | Scout Tower |
| 6:13 | Keep |
| 6:26 | Farm |
| 6:49 | Scroll of Regeneration |
| 6:54 | Guard Tower |
| 8:03 | Scout Tower |
| 8:07 | Scout Tower |
| 8:08 | Scout Tower |
| 8:34 | Guard Tower |
| 8:42 | Scout Tower |
| 8:45 | Scout Tower |
| 8:48 | Arcane Tower |
| 8:50 | Scout Tower |
| 9:05 | Scout Tower |
| 9:14 | Guard Tower |
| 9:16 | Scout Tower |
| 9:16 | Guard Tower |
| 9:17 | Scout Tower |
| 9:18 | Guard Tower |
| 9:21 | Guard Tower |
| 9:23 | Scout Tower |
| 9:26 | Scout Tower |
| 9:27 | Peasant |
| 9:28 | Peasant |
| 9:36 | Guard Tower |
| 9:45 | Peasant |
| 9:47 | Advanced Masonry |
| 10:12 | Guard Tower |
| 10:13 | Blizzard |
| 10:17 | Scout Tower |
| 10:27 | Storm Bolt |
| 10:32 | Guard Tower |
| 10:35 | Scout Tower |
| 10:40 | Scout Tower |
| 10:45 | Scout Tower |
| 10:48 | Scout Tower |
| Right click | 663 |
| Select | 322 |
| Build/train/purchase | 62 |
| Select group | 49 |
| Assign group | 44 |
| Use ability | 15 |
| Misc. action | 12 |
| Minimap ping | 2 |


| Lesser Clarity Potion | 2 | 140 |
| Scroll of Regeneration | 2 | 200 |
| Potion of Healing | 2 | 300 |
| Boots of Speed | 1 | 250 |
| Staff of Teleportation | 1 | 150 |
| Healing Salve | 2 | 200 |
| total: | 10 | 1240g |
| Peasant | 23 | 1725 | / | 0 |
| total: | 23 | 1725g | / | 0w |
| Scout Tower | 21 | 630 | / | 420 |
| Arcane Tower | 3 | 210 | / | 150 |
| Guard Tower | 11 | 770 | / | 550 |
| Altar of Kings | 1 | 180 | / | 50 |
| Lumber Mill | 1 | 120 | / | 0 |
| Farm | 3 | 240 | / | 60 |
| Arcane Vault | 1 | 130 | / | 30 |
| Town Hall | 1 | 385 | / | 205 |
| Arcane Sanctum | 1 | 150 | / | 140 |
| Keep | 1 | 320 | / | 210 |
| Castle | 1 | 360 | / | 210 |
| total: | 29 | 1835g | / | 905w |
| 0:02 | Peasant |
| 0:04 | Altar of Kings |
| 0:10 | Peasant |
| 0:19 | Lumber Mill |
| 0:20 | Peasant |
| 0:26 | Farm |
| 0:32 | Peasant |
| 0:41 | Peasant |
| 1:02 | Farm |
| 1:11 | Peasant |
| 1:22 | Peasant |
| 1:31 | Improved Masonry |
| 1:34 | Scout Tower |
| 1:39 | Peasant |
| 1:48 | Scout Tower |
| 1:53 | Peasant |
| 1:55 | Peasant |
| 2:02 | Arcane Tower |
| 2:04 | Scout Tower |
| 2:05 | Blizzard |
| 2:13 | Arcane Tower |
| 2:18 | Peasant |
| 2:44 | Peasant |
| 2:48 | Scout Tower |
| 2:48 | Guard Tower |
| 3:01 | Peasant |
| 3:04 | Scout Tower |
| 3:19 | Peasant |
| 3:29 | Guard Tower |
| 3:31 | Scout Tower |
| 3:35 | Keep |
| 3:51 | Healing Salve |
| 3:51 | Healing Salve |
| 4:34 | Scout Tower |
| 4:35 | Guard Tower |
| 4:37 | Brilliance Aura |
| 4:57 | Arcane Vault |
| 5:01 | Scout Tower |
| 5:01 | Scout Tower |
| 5:10 | Guard Tower |
| 5:14 | Scout Tower |
| 5:15 | Scout Tower |
| 5:21 | Farm |
| 6:12 | Blizzard |
| 6:17 | Peasant |
| 6:17 | Peasant |
| 6:17 | Peasant |
| 6:17 | Peasant |
| 6:25 | Guard Tower |
| 6:46 | Town Hall |
| 6:50 | Scout Tower |
| 6:51 | Scout Tower |
| 6:59 | Boots of Speed |
| 7:03 | Staff of Teleportation |
| 7:06 | Storm Bolt |
| 7:20 | Guard Tower |
| 7:21 | Arcane Tower |
| 7:53 | Guard Tower |
| 7:54 | Scout Tower |
| 7:54 | Scout Tower |
| 7:55 | Scout Tower |
| 7:56 | Scout Tower |
| 7:56 | Scout Tower |
| 7:57 | Scout Tower |
| 8:01 | Peasant |
| 8:10 | Lesser Clarity Potion |
| 8:23 | Scout Tower |
| 8:42 | Castle |
| 9:18 | Guard Tower |
| 9:19 | Scout Tower |
| 9:20 | Peasant |
| 9:21 | Guard Tower |
| 9:34 | Advanced Masonry |
| 9:38 | Peasant |
| 9:38 | Peasant |
| 9:39 | Peasant |
| 9:43 | Scroll of Regeneration |
| 9:46 | Guard Tower |
| 9:49 | Lesser Clarity Potion |
| 10:09 | Potion of Healing |
| 10:16 | Arcane Sanctum |
| 10:20 | Scroll of Regeneration |
| 10:46 | Potion of Healing |
| 10:49 | Guard Tower |
| Right click | 644 |
| Assign group | 456 |
| Select group | 304 |
| Select | 143 |
| Build/train/purchase | 75 |
| Use ability | 36 |
| Chat | 29 |
| Misc. action | 8 |
| Item give/drop | 2 |


| Healing Salve | 2 | 200 |
| Lesser Clarity Potion | 1 | 70 |
| Boots of Speed | 1 | 250 |
| Staff of Teleportation | 1 | 150 |
| total: | 5 | 670g |
| Peon | 12 | 900 | / | 0 |
| Troll Batrider | 5 | 800 | / | 200 |
| total: | 17 | 1700g | / | 200w |
| Watch Tower | 12 | 1320 | / | 960 |
| Altar of Storms | 1 | 180 | / | 50 |
| Orc Burrow | 3 | 480 | / | 120 |
| War Mill | 1 | 205 | / | 0 |
| Voodoo Lounge | 2 | 260 | / | 60 |
| Great Hall | 1 | 385 | / | 185 |
| Beastiary | 2 | 290 | / | 280 |
| Stronghold | 1 | 315 | / | 190 |
| Fortress | 1 | 325 | / | 190 |
| total: | 22 | 3120g | / | 1655w |
| 0:02 | Peon |
| 0:02 | Peon |
| 0:04 | Altar of Storms |
| 0:18 | Orc Burrow |
| 0:21 | Peon |
| 0:38 | Peon |
| 0:48 | War Mill |
| 0:52 | Peon |
| 1:08 | Voodoo Lounge |
| 1:14 | Peon |
| 1:24 | Peon |
| 1:41 | Orc Burrow |
| 1:47 | Peon |
| 2:06 | Watch Tower |
| 2:08 | Wind Walk |
| 2:11 | Peon |
| 2:14 | Healing Salve |
| 2:20 | Peon |
| 2:33 | Watch Tower |
| 2:39 | Peon |
| 3:17 | Peon |
| 3:19 | Watch Tower |
| 3:42 | Stronghold |
| 3:45 | Watch Tower |
| 3:59 | Watch Tower |
| 4:06 | Boots of Speed |
| 4:12 | Staff of Teleportation |
| 4:34 | Watch Tower |
| 4:56 | Critical Strike |
| 5:06 | Orc Burrow |
| 5:52 | Watch Tower |
| 5:57 | Healing Salve |
| 5:57 | Lesser Clarity Potion |
| 6:08 | Beastiary |
| 6:29 | Beastiary |
| 7:01 | Fortress |
| 7:03 | Hex |
| 7:23 | Troll Batrider |
| 7:27 | Watch Tower |
| 7:29 | Reinforced Defenses |
| 7:55 | Troll Batrider |
| 8:11 | Watch Tower |
| 8:24 | Wind Walk |
| 8:29 | Great Hall |
| 8:43 | Watch Tower |
| 9:19 | Watch Tower |
| 9:24 | Liquid Fire |
| 9:29 | Troll Batrider |
| 9:31 | Troll Batrider |
| 10:01 | Troll Batrider |
| 10:06 | Voodoo Lounge |
| 10:25 | Watch Tower |
| 10:44 | Healing Wave |
| Right click | 670 |
| Select | 197 |
| Select group | 118 |
| Build/train/purchase | 42 |
| Misc. action | 15 |
| Use ability | 14 |
| Assign group | 11 |
| Item give/drop | 1 |
102 units @ 9.3k
/ 0.2k
42 buildings @ 5.2k
/ 2k

| Wisp | 29 | 1740 | / | 0 |
| Archer | 8 | 1040 | / | 80 |
| Huntress | 1 | 195 | / | 20 |
| total: | 38 | 2975g | / | 100w |
| Ancient Protector | 2 | 270 | / | 160 |
| Altar of Elders | 1 | 180 | / | 50 |
| Moon Well | 5 | 900 | / | 200 |
| Ancient of War | 2 | 300 | / | 120 |
| Hunter's Hall | 1 | 210 | / | 100 |
| Tree of Ages | 1 | 320 | / | 180 |
| total: | 11 | 1860g | / | 630w |
| 0:03 | Wisp |
| 0:09 | Altar of Elders |
| 0:15 | Moon Well |
| 0:18 | Wisp |
| 0:30 | Ancient of War |
| 0:44 | Wisp |
| 0:49 | Wisp |
| 1:21 | Wisp |
| 1:32 | Archer |
| 1:33 | Archer |
| 1:43 | Wisp |
| 1:43 | Wisp |
| 1:46 | Archer |
| 1:53 | Wisp |
| 2:25 | Force of Nature |
| 2:38 | Ancient of War |
| 2:40 | Wisp |
| 2:46 | Moon Well |
| 3:29 | Wisp |
| 3:29 | Wisp |
| 3:29 | Wisp |
| 3:38 | Archer |
| 3:38 | Archer |
| 3:44 | Wisp |
| 3:46 | Archer |
| 3:51 | Hunter's Hall |
| 4:40 | Moon Well |
| 4:55 | Wisp |
| 4:56 | Wisp |
| 5:07 | Ancient Protector |
| 5:31 | Wisp |
| 5:31 | Wisp |
| 5:31 | Wisp |
| 5:49 | Huntress |
| 5:55 | Wisp |
| 5:55 | Wisp |
| 5:59 | Moon Well |
| 6:21 | Sentinel |
| 6:42 | Wisp |
| 6:42 | Wisp |
| 6:43 | Wisp |
| 7:04 | Wisp |
| 7:04 | Wisp |
| 7:08 | Wisp |
| 7:32 | Wisp |
| 7:32 | Wisp |
| 7:43 | Ancient Protector |
| 7:47 | Wisp |
| 7:49 | Strength of the Moon |
| 7:49 | Moon Armor |
| 7:54 | Archer |
| 7:56 | Archer |
| 8:19 | Thorns Aura |
| 8:53 | Tree of Ages |
| 9:25 | Moon Well |
| Right click | 305 |
| Select | 155 |
| Misc. action | 73 |
| Build/train/purchase | 47 |
| Use ability | 9 |
| Remove unit | 5 |
| Select group | 3 |
| Assign group | 1 |
| Esc | 1 |


| Scroll of Regeneration | 1 | 100 |
| Potion of Healing | 2 | 300 |
| total: | 3 | 400g |
| Peasant | 28 | 2100 | / | 0 |
| Footman | 8 | 1080 | / | 0 |
| total: | 36 | 3180g | / | 0w |
| Scout Tower | 11 | 330 | / | 220 |
| Arcane Tower | 7 | 490 | / | 350 |
| Altar of Kings | 1 | 180 | / | 50 |
| Farm | 5 | 400 | / | 100 |
| Barracks | 1 | 160 | / | 60 |
| Arcane Vault | 1 | 130 | / | 30 |
| Blacksmith | 1 | 140 | / | 60 |
| Town Hall | 1 | 385 | / | 205 |
| Workshop | 1 | 140 | / | 140 |
| Arcane Sanctum | 1 | 150 | / | 140 |
| Keep | 1 | 320 | / | 210 |
| total: | 23 | 2015g | / | 1005w |
| 0:05 | Peasant |
| 0:05 | Peasant |
| 0:06 | Peasant |
| 0:15 | Altar of Kings |
| 0:20 | Farm |
| 0:30 | Barracks |
| 0:34 | Farm |
| 0:46 | Peasant |
| 0:47 | Peasant |
| 0:47 | Peasant |
| 0:52 | Peasant |
| 0:52 | Peasant |
| 0:52 | Peasant |
| 0:52 | Peasant |
| 0:52 | Peasant |
| 1:04 | Peasant |
| 1:04 | Peasant |
| 1:07 | Peasant |
| 1:08 | Peasant |
| 1:08 | Peasant |
| 1:31 | Peasant |
| 1:34 | Footman |
| 1:34 | Footman |
| 1:35 | Footman |
| 1:41 | Footman |
| 1:42 | Footman |
| 1:50 | Farm |
| 2:04 | Footman |
| 2:04 | Footman |
| 2:24 | Summon Water Elemental |
| 2:27 | Footman |
| 3:32 | Peasant |
| 3:32 | Peasant |
| 3:32 | Peasant |
| 3:35 | Scout Tower |
| 3:39 | Scout Tower |
| 3:41 | Farm |
| 4:00 | Arcane Vault |
| 4:02 | Peasant |
| 4:02 | Peasant |
| 4:06 | Arcane Tower |
| 4:10 | Arcane Tower |
| 4:32 | Farm |
| 4:57 | Keep |
| 5:20 | Brilliance Aura |
| 5:23 | Scroll of Regeneration |
| 5:35 | Blacksmith |
| 6:18 | Town Hall |
| 6:20 | Scout Tower |
| 6:22 | Scout Tower |
| 6:23 | Scout Tower |
| 6:24 | Scout Tower |
| 7:08 | Arcane Tower |
| 7:36 | Arcane Tower |
| 8:00 | Peasant |
| 8:01 | Peasant |
| 8:07 | Potion of Healing |
| 8:07 | Potion of Healing |
| 8:14 | Arcane Tower |
| 8:17 | Scout Tower |
| 8:18 | Scout Tower |
| 8:19 | Scout Tower |
| 8:20 | Scout Tower |
| 8:21 | Scout Tower |
| 8:23 | Peasant |
| 8:23 | Peasant |
| 8:50 | Peasant |
| 8:50 | Peasant |
| 9:07 | Storm Bolt |
| 9:21 | Workshop |
| 9:29 | Arcane Sanctum |
| Right click | 621 |
| Select group | 207 |
| Select | 148 |
| Build/train/purchase | 67 |
| Assign group | 26 |
| Minimap ping | 10 |
| Chat | 5 |
| Use ability | 3 |

| Healing Salve | 2 | 200 |
| Lesser Clarity Potion | 1 | 70 |
| Scroll of Speed | 1 | 50 |
| total: | 4 | 320g |
| Peon | 16 | 1200 | / | 0 |
| Grunt | 5 | 1000 | / | 0 |
| Troll Headhunter | 7 | 980 | / | 140 |
| total: | 28 | 3180g | / | 140w |
| Altar of Storms | 1 | 180 | / | 50 |
| Barracks | 1 | 180 | / | 50 |
| Orc Burrow | 3 | 480 | / | 120 |
| Voodoo Lounge | 1 | 130 | / | 30 |
| War Mill | 1 | 205 | / | 0 |
| Spirit Lodge | 1 | 150 | / | 150 |
| Stronghold | 1 | 315 | / | 190 |
| total: | 8 | 1325g | / | 400w |
| 0:06 | Peon |
| 0:06 | Peon |
| 0:07 | Peon |
| 0:19 | Altar of Storms |
| 0:23 | Barracks |
| 0:30 | Orc Burrow |
| 0:36 | Peon |
| 0:47 | Peon |
| 1:28 | Grunt |
| 1:42 | Orc Burrow |
| 1:47 | Grunt |
| 2:06 | Voodoo Lounge |
| 2:29 | Wind Walk |
| 2:43 | Grunt |
| 2:48 | Peon |
| 2:55 | War Mill |
| 3:19 | Healing Salve |
| 3:25 | Peon |
| 3:39 | Peon |
| 4:05 | Grunt |
| 4:30 | Peon |
| 4:33 | Orc Burrow |
| 4:37 | Peon |
| 5:25 | Troll Headhunter |
| 5:25 | Troll Headhunter |
| 5:27 | Troll Headhunter |
| 5:35 | Lesser Clarity Potion |
| 5:58 | Stronghold |
| 6:18 | Troll Headhunter |
| 6:24 | Steel Armor |
| 6:55 | Critical Strike |
| 7:52 | Troll Headhunter |
| 7:52 | Troll Headhunter |
| 7:52 | Troll Headhunter |
| 8:14 | Scroll of Speed |
| 8:28 | Berserker Strength |
| 8:29 | Grunt |
| 8:32 | Peon |
| 9:09 | Healing Salve |
| 9:24 | Peon |
| 9:24 | Peon |
| 9:24 | Peon |
| 9:25 | Peon |
| 9:25 | Peon |
| 9:30 | Spirit Lodge |
| Right click | 191 |
| Select | 85 |
| Build/train/purchase | 45 |
| Select group | 33 |
| Assign group | 19 |
| Use ability | 5 |
| Misc. action | 2 |
| Item give/drop | 1 |
| Remove unit | 1 |
⇛